 Dungeon Crawl Stone Soup version 0.32-a0-913-g739538afd8 (webtiles) character file.

Game seed: 1979049440622572718

8963 kr4n3 the Toxicologist (level 11, -3/92 HPs)
             Began as a Green Draconian Conjurer on Apr 6, 2024.
             Was a Priest of Sif Muna.
             Slain by a komodo dragon (5 damage)
             ... on level 1 of the Lair of Beasts on Apr 9, 2024.
             The game lasted 00:48:53 (13263 turns).

kr4n3 the Toxicologist (Green Draconian Conjurer)  Turns: 13263, Time: 00:48:53

Health: -3/92      AC:  8    Str:  9    XL:     11   Next: 16%
Magic:  31/31      EV: 11    Int: 24    God:    Sif Muna [***...]
Gold:   411        SH:  0    Dex:  9    Spells: 6/24 levels left

rFire   + . .        G - +0 demon whip (venom)
rCold   . . .        (no shield)
rNeg    . . .        (body armour unavailable)
rPois   +            (helmet restricted)
rElec   .            (no cloak)
rCorr   .            s - +0 pair of gloves
SInv    .            (no boots)
Will    .....        (no amulet)
Stlth   ++           f - ring of protection from fire
HPRegen 0.35/turn    W - ring of magical power
MPRegen 0.22/turn

%: no passive effects
@: no status effects
A: noxious breath, AC +7, unfitting armour, poison resistance, cold-blooded
a: Noxious Breath, Renounce Religion, Channel Magic, Forget Spell


You were on level 1 of the Lair of Beasts.
You worshipped Sif Muna.
Sif Muna was most pleased with you.
You visited 2 branches of the dungeon, and saw 11 of its levels.

You collected 741 gold pieces.
You spent 330 gold pieces at shops.


Innate Abilities, Weirdness & Mutations

You can breathe blasts of noxious fumes.
Your lurid green scales are hard. (AC +7)
You cannot fit into any form of body armour.
Your system is resistant to poisons. (rPois)
You are cold-blooded and may be slowed by cold attacks.


   Skills:
 + Level 7.2 Fighting
 - Level 3.0 Throwing
 - Level 4.0 Dodging
 - Level 4.0 Stealth
 + Level 7.4 Spellcasting
 - Level 8.0 Conjurations
 - Level 4.0 Translocations
 * Level 3.8 Fire Magic
 - Level 4.0 Air Magic
 - Level 8.0 Alchemy
 - Level 4.0 Invocations


You had 6 spell levels left.
You knew the following spells:

 Your Spells              Type           Power      Damage    Failure   Level
c - Mephitic Cloud        Conj/Alch/Air  40%        N/A       1%          3
i - Iskenderun's Mystic Conj/Tloc 37%            2d9        (+2d4     6%          4
m - Magic Dart            Conj           100%       1d8       1%          1
o - Olgreb's Toxic Radia  Alch           47%        N/A       2%          4
p - Ignite Poison         Fire/Alch      37%        N/A       6%          4
s - Searing Ray           Conj           94%        2d7       1%          2

Your spell library contained the following spells:

 Spells                   Type           Power      Damage    Failure   Level
 Shock                    Conj/Air       100%       1d9       1%          1
 Sting                    Conj/Alch      100%       1d9       1%          1
 Mercury Vapours          Alch/Air       74%        N/A       1%          2
 Fulminant Prism          Conj/Alch      23%        3d12      2%          4
 Dazzling Flash           Conj/Hex       56%        N/A       4%          3
 Swiftness                Air            28%        N/A       4%          3
 Slow                     Hex            32%        N/A       7%          1
 Airstrike                Air            14%        2d(2-18)  13%         4
 Confusing Touch          Hex            8%         N/A       21%         3
 Vampiric Draining        Necr           8%         2d6       21%         3
 Silence                  Hex/Air        9%         N/A       63%         5
 Curse of Agony           Necr           8%         N/A       88%         5
 Plasma Beam              Fire/Air       13%        2x1d24    91%         6

Inventory:

Hand Weapons
 D - the +4 long sword of Elimat {drain, rC+ Str+3}
   (You found it on level 7 of the Dungeon)

   Str+3:     It affects your strength (+3).
   rC+:       It protects you from cold.
 G - a +0 demon whip of venom (weapon)
   (You took it off Amaemon on level 9 of the Dungeon)
Missiles
 d - 74 stones
 h - 16 poisoned darts
 j - 22 boomerangs
 r - a curare-tipped dart {=f}
 I - 5 atropa-tipped darts
Armour
 s - a +0 pair of gloves (worn)
   (You found it on level 5 of the Dungeon)
Jewellery
 f - a ring of protection from fire (left hand)
   (You found it on level 6 of the Dungeon)
 g - an amulet of regeneration
   (You found it on level 1 of the Lair of Beasts)
 F - a ring of fire
   (You found it on level 1 of the Dungeon)
 L - a ring of flight
   (You found it on level 1 of the Dungeon)
 M - a ring of fire
   (You found it on level 1 of the Lair of Beasts)
 S - a +6 ring of strength
   (You found it on level 10 of the Dungeon)
 W - a ring of magical power (right hand)
   (You found it on level 2 of the Dungeon)
Wands
 t - a wand of paralysis (9)
   (You found it on level 6 of the Dungeon)
 w - a wand of flame (14)
   (You found it on level 6 of the Dungeon)
 x - a wand of roots (9)
   (You took it off a wight on level 8 of the Dungeon)
 C - a wand of acid (4)
   (You took it off an orc on level 9 of the Dungeon)
Scrolls
 c - 2 scrolls of enchant weapon {unknown}
 e - a scroll of acquirement {unknown}
 k - 2 scrolls of identify {@r1}
 m - a scroll of revelation
 n - 2 scrolls of vulnerability {!r!r}
 o - 3 scrolls of teleportation {@r4}
 q - a scroll of amnesia
 u - a scroll of fear {unknown}
 v - 2 scrolls of immolation {!r!r}
 y - a scroll of fog
 A - a scroll of poison {unknown}
 H - a scroll of blinking {unknown}
 J - a scroll of torment {unknown}
Potions
 a - 2 potions of magic
 b - a potion of enlightenment
 i - 2 potions of curing {@q1}
 l - a potion of resistance
 p - a potion of cancellation
 z - 3 potions of brilliance
 B - 2 potions of attraction {!q}
 E - 4 potions of might
 K - a potion of haste {unknown}
 N - 2 potions of lignification {!q}

Dungeon Overview and Level Annotations

Branches:
Dungeon (10/15) Zot: 25205  Temple (0/1) D:6            Lair (1/5) D:10 Zot: 5739
    Orc (0/2) D:9

Altars:
Qazlal
Sif Muna
Trog
Vehumet
Beogh

Shops:
D:1 ?   D:7 *   D:10 *

Annotations:
D:9 1 runed translucent door, GreedOfGod's ghost, novice DsGl

#...........†.#...........
#.+...........#...........
#.#......†................
#####+.#####.##........†..
#..########...........
#.....## ##.###+.#..#
#####..# ### ..#####
#####.### ##. #....@l.# .
#...........#
#...?....#.... ..#.......#
##. #.........#
#.P..?....# ####..#####
#..


You could see a komodo dragon.


Message History

You climb upwards.
Welcome back to the Dungeon!
Your toxic aura wanes.
There is a staircase to the Lair here.
You can't see any susceptible monsters within range! (Use Z to cast anyway.)
Casting: Olgreb's Toxic Radiance (dangerous; 2% risk of failure)
Confirm with . or Enter, or press ? or * to list all spells.
You can't see any susceptible monsters within range! (Use Z to cast anyway.)
You climb downwards.
Welcome back to the Lair of Beasts!
A blink frog comes into view.
There is a staircase back to the Dungeon here. 😎 MP[+1]
Casting: Olgreb's Toxic Radiance (dangerous; 2% risk of failure)
Confirm with . or Enter, or press ? or * to list all spells.
You begin to radiate toxic energy.
The blink frog croaks.
The blink frog is poisoned.
The blink frog looks even sicker. x2
The blink frog blinks! x2 😎 MP[-4]
You lost 4 mp, and now have 10/31 mp.
The blink frog looks even sicker.
Your toxic aura wanes.
Casting: Olgreb's Toxic Radiance (dangerous; 2% risk of failure)
Confirm with . or Enter, or press ? or * to list all spells.
You ignite the poison in your surroundings!
The blink frog seems to burn from within!!!
You kill the blink frog!
Sif Muna accepts your kill.
The blink frog seems to burn from within!!!
You kill the blink frog!
Sif Muna accepts your kill. 😎 MP[-3]
You lost 3 mp, and now have 7/31 mp.
Saving game... please wait.
Options error: Missing colour in message_colour setting: 'that.*feels deathly cold' Options error: Missing colour in message_colour setting: 'and you must be Full or above to equip it' Options error: Missing colour in message_colour setting: 'but rights himself reflexively soon after' Options error: Missing colour in message_colour setting: 'before it is too late' Welcome back, kr4n3 the Green Draconian Conjurer.
Sif Muna whispers: I know many secrets...
Press ? for a list of commands and other information.
Options error: Missing colour in message_colour setting: 'that.*feels deathly cold' Options error: Missing colour in message_colour setting: 'and you must be Full or above to equip it' Options error: Missing colour in message_colour setting: 'but rights himself reflexively soon after' Options error: Missing colour in message_colour setting: 'before it is too late' Welcome back, kr4n3 the Green Draconian Conjurer.
Sif Muna whispers: I know many secrets...
Press ? for a list of commands and other information.
Okay, then. 😎 MP[+1]
E - 4 potions of might (gained 1)
A komodo dragon comes into view. 😎 MP[+23]
Your mp is fully restored (31).
The komodo dragon hisses angrily.
The komodo dragon bites you. 😕 HP[-6]
You take 6 damage, and now have 86/92 hp.
The komodo dragon bites you! 😕 HP[-9]
You take 9 damage, and now have 77/92 hp.
The komodo dragon completely misses you.
The komodo dragon bites you but does no damage.
The komodo dragon closely misses you. 😕 HP[+1]
The komodo dragon bites you!! 😮 HP[-27]
You take 27 damage, and now have 51/92 hp.
MASSIVE DAMAGE!! (PAUSE) Unknown command.
The komodo dragon misses you. The komodo dragon bites you!
* * * LOW HITPOINT WARNING * * *
😨 HP[-15]
You take 15 damage, and now have 36/92 hp.
The komodo dragon bites you!
* * * LOW HITPOINT WARNING * * *
😨 HP[-11]
You take 11 damage, and now have 25/92 hp.
The komodo dragon bites you but does no damage.
The komodo dragon barely misses you. 😨 HP[+1]
The komodo dragon misses you. The komodo dragon bites you!
* * * LOW HITPOINT WARNING * * *
😱 HP[-14]
You take 14 damage, and now have 12/92 hp.
The komodo dragon bites you.
* * * LOW HITPOINT WARNING * * *
😱 HP[-2]
You take 2 damage, and now have 10/92 hp.
The komodo dragon bites you!
* * * LOW HITPOINT WARNING * * *
😱 HP[-8]
You take 8 damage, and now have 2/92 hp.
The komodo dragon bites you.
You die...

Skill      XL: |  1  2  3  4  5  6  7  8  9 10 11 |
---------------+----------------------------------+-----
Fighting       | 1 2 4 5 6 7 |  7.2
Throwing       | 1 2 3 |  3.0
Spellcasting   | 3 4 5 6 7 |  7.4
Alchemy        | 1 2 4 6 8 |  8.0
Air Magic      | 4 |  4.0
Conjurations   | 5 8 |  8.0
Invocations    | 2 4 |  4.0
Dodging        | 2 4 |  4.0
Stealth        | 2 4 |  4.0
Translocations | 1 3 4 |  4.0
Fire Magic     | 2 3 |  3.8

Action                     |  1- 3 |  4- 6 |  7- 9 | 10-12 || total
---------------------------+-------+-------+-------+-------++-------
  Melee: Short sword       |    11 |       |       |       ||    11
         Tailslap          |     2 |       |       |    16 ||    18
         Unarmed           |     1 |       |       |       ||     1
         Long sword        |       |       |     7 |    18 ||    25
         Demon whip        |       |       |       |    46 ||    46
   Fire: Sling             |    18 |    54 |    71 |       ||   143
   Cast: Magic Dart        |    39 |    20 |   208 |   125 ||   392
         Searing Ray       |     3 |     8 |    24 |     4 ||    39
         Mephitic Cloud    |       |       |    15 |     8 ||    23
         Olgreb's Toxic Ra |       |       |    12 |    37 ||    49
         Iskenderun's Myst |       |       |       |     3 ||     3
         Ignite Poison     |       |       |       |     4 ||     4
  Evoke: Wand              |       |       |       |     1 ||     1
    Use: Scroll            |     3 |       |    14 |     1 ||    18
         Potion            |       |       |     5 |     2 ||     7
   Stab: Sleeping          |       |       |     2 |       ||     2
         Paralysed         |       |       |       |     6 ||     6
         Confused          |       |       |       |     1 ||     1
 Armour: Skin              |    17 |    33 |   133 |   146 ||   329
  Dodge: Dodged            |    14 |    25 |    57 |    77 ||   173

Levels and vault maps discovered:
D:1:      shiori_arrival_whats_in_store_for_you, layout_basic,
          shapermc_ecumenical_altar_acropolis, serial_shops, shop,
          grunt_decor_mini_mirrors
D:2:      layout_basic
D:3:      layout_loops_corners, nicolae_sif_muna_little_library, uniq_robin
D:4:      layout_rooms, trog_ov_bears_minmay
D:5:      layout_loops_cross, kennysheep_generic_room_4
D:6:      kennysheep_spiral_hall, layout_basic, minmay_temple_entry_sparse_star,
          st_stairs_8, minmay_statues_item, serial_bayou_lake_a
D:7:      layout_rooms, mainiacjoe_overflow_surrounded_room, serial_shops, shop
D:8:      layout_layer_cave, serial_ice, serial_ice_l, serial_ice_g,
          serial_ice_c, serial_ice_o, serial_ice_m, serial_ice_h, serial_ice_n,
          serial_ice_e
D:9:      layout_stronghold, overflow_temple_1_default,
          minmay_orc_entry_temple_small, ebering_ghost_inner_flame, uniq_amaemon
D:10:     layout_basic, erik_lair_orcish_takeover, special_room
          [special_room_orc], serial_shops, shop_statue, dk_vineyard_3
Lair:1:   layout_roguey [special_room_bee], special_room, beast_lair_carwin_11

Notes
Turn   | Place    | Note
-------+----------+-------------------------------------------
     0 | D:1      | kr4n3 the Draconian Conjurer began the quest for the Orb.
     0 | D:1      | Reached XP level 1. HP: 14/14 MP: 3/3
     0 | D:1      | Noticed an orb of fire
     0 | D:1      | magus.rc [v1.11.7]
     4 | D:1      | Noticed a tentacled monstrosity
     6 | D:1      | Noticed a shadow dragon
     7 | D:1      | Noticed an ice dragon
     8 | D:1      | Noticed a quicksilver dragon
     9 | D:1      | Noticed a shadow dragon
    11 | D:1      | Noticed a golden dragon
    13 | D:1      | Noticed a white draconian
    13 | D:1      | Noticed an ice dragon
    15 | D:1      | Noticed an ice dragon
    17 | D:1      | Noticed an orb of fire
    17 | D:1      | Noticed a shadow dragon
    17 | D:1      | Noticed an ice dragon
    21 | D:1      | Noticed an ice dragon
   129 | D:1      | Reached skill level 1 in Fighting
   231 | D:1      | Found a faded altar of an unknown god.
   238 | D:1      | magus.rc [v1.11.7]
   254 | D:1      | Found Faczism's Magic Scroll Boutique.
   256 | D:1      | You add the spells Sting, Mercury Vapours and Olgreb's
                  | Toxic Radiance to your library.
   263 | D:1      | Bought a scroll of identify for 24 gold pieces
   525 | D:1      | Reached XP level 2. HP: 24/24 MP: 3/5
   576 | D:1      | Learned a level 2 spell: Searing Ray
   580 | D:1      | Reached skill level 2 in Fighting
  1190 | D:2      | Reached XP level 3. HP: 29/29 MP: 7/7
  1874 | D:3      | Reached skill level 1 in Throwing
  1874 | D:3      | Reached skill level 3 in Spellcasting
  1911 | D:3      | Noticed Robin
  1917 | D:3      | Killed Robin
  1918 | D:3      | Reached XP level 4. HP: 28/36 MP: 0/8
  1934 | D:3      | Learned a level 4 spell: Olgreb's Toxic Radiance
  2106 | D:3      | You add the spells Slow, Vampiric Draining and Confusing
                  | Touch to your library.
  2503 | D:3      | Found a shimmering blue altar of Sif Muna.
  2508 | D:3      | Became a worshipper of Sif Muna the Loreminder
  2814 | D:4      | Noticed a kobold brigand
  2833 | D:4      | Killed a kobold brigand
  2834 | D:4      | Reached skill level 2 in Throwing
  2834 | D:4      | Reached skill level 1 in Alchemy
  2834 | D:4      | Reached XP level 5. HP: 15/41 MP: 1/10
  2954 | D:4      | Noticed an ogre
  3018 | D:4      | Killed an ogre
  3019 | D:4      | Reached skill level 4 in Spellcasting
  3019 | D:4      | Reached skill level 2 in Alchemy
  3019 | D:4      | Reached XP level 6. HP: 35/48 MP: 1/12
  3116 | D:4      | Reached skill level 3 in Throwing
  3259 | D:4      | HP: 4/48 [ogre/+0 giant club (20)]
  3261 | D:4      | Reached skill level 3 in Alchemy
  3653 | D:4      | Reached skill level 4 in Alchemy
  3739 | D:4      | Your scales start taking on a lurid green colour.
  3739 | D:4      | Reached XP level 7. HP: 51/55 MP: 4/14
  3739 | D:4      | Gained mutation: Your system is resistant to poisons.
                  | (rPois) [Green Draconian growth]
  3808 | D:4      | Found a bloodstained altar of Trog.
  3822 | D:5      | Entered Level 5 of the Dungeon
  3824 | D:5      | You add the spells Dazzling Flash, Mephitic Cloud, Curse of
                  | Agony and Silence to your library.
  3829 | D:5      | Learned a level 3 spell: Mephitic Cloud
  4103 | D:5      | Reached skill level 1 in Air Magic
  4306 | D:5      | Reached skill level 2 in Air Magic
  4778 | D:6      | Reached skill level 3 in Air Magic
  4871 | D:6      | Found a staircase to the Ecumenical Temple.
  4983 | D:6      | Reached skill level 4 in Air Magic
  5077 | D:6      | Reached skill level 5 in Spellcasting
  5161 | D:6      | Reached XP level 8. HP: 53/61 MP: 10/15
  5199 | D:6      | Reached skill level 5 in Conjurations
  5301 | D:6      | Reached skill level 5 in Alchemy
  5483 | D:6      | Reached skill level 3 in Fighting
  5653 | D:6      | Reached skill level 1 in Invocations
  5744 | D:6      | Reached * piety under Sif Muna
  5898 | D:6      | HP: 11/63 [electric eel/bolt of electricity (8)]
  5903 | D:6      | HP: 10/63 [electric eel/bolt of electricity (6)]
  6297 | D:7      | Reached skill level 2 in Invocations
  6354 | D:7      | Reached skill level 6 in Alchemy
  6397 | D:7      | You fall into a shaft and drop 2 floors!
  6471 | D:9      | Reached skill level 4 in Fighting
  6537 | D:9      | Reached XP level 9. HP: 36/70 MP: 17/17
  6661 | D:9      | Noticed an orange demon
  6667 | D:9      | Noticed Amaemon
  6709 | D:9      | Found a staircase to the Orcish Mines.
  6859 | D:7      | You add the spells Shock, Swiftness and Airstrike to your
                  | library.
  7042 | D:7      | Found Joufihouh's General Store.
  7046 | D:7      | Identified the +4 long sword of Elimat {drain, rC+ Str+3}
  7060 | D:7      | Found a stormy altar of Qazlal.
  7065 | D:7      | Bought a scroll of identify for 22 gold pieces
  7065 | D:7      | Bought a potion of enlightenment for 55 gold pieces
  7065 | D:7      | Bought a scroll of teleportation for 33 gold pieces
  7160 | D:1      | Bought a scroll of identify for 24 gold pieces
  7160 | D:1      | Bought a scroll of identify for 24 gold pieces
  7160 | D:1      | Bought a scroll of identify for 24 gold pieces
  7160 | D:1      | Bought a scroll of identify for 24 gold pieces
  7160 | D:1      | Bought a scroll of identify for 24 gold pieces
  7160 | D:1      | Bought a scroll of teleportation for 36 gold pieces
  7549 | D:8      | Reached skill level 6 in Conjurations
  7603 | D:8      | Reached skill level 7 in Alchemy
  7603 | D:8      | Reached skill level 3 in Invocations
  7829 | D:8      | Reached skill level 6 in Spellcasting
  8102 | D:8      | Reached skill level 5 in Fighting
  8226 | D:8      | Reached ** piety under Sif Muna
  8314 | D:8      | Reached skill level 8 in Alchemy
  8451 | D:8      | Reached skill level 4 in Invocations
  8625 | D:8      | Reached skill level 7 in Conjurations
  9099 | D:8      | Noticed a polar bear
  9120 | D:8      | Killed a polar bear
  9363 | D:9      | HP: 13/74 [wyvern (6)]
  9367 | D:9      | Reached skill level 8 in Conjurations
  9372 | D:9      | Learned a level 4 spell: Iskenderun's Mystic Blast
  9670 | D:9      | Reached skill level 2 in Dodging
  9670 | D:9      | Reached skill level 2 in Stealth
  9670 | D:9      | Reached skill level 1 in Translocations
  9670 | D:9      | Reached XP level 10. HP: 81/81 MP: 19/19
 10047 | D:9      | Found a roughly hewn altar of Beogh.
 10069 | D:9      | Reached skill level 2 in Translocations
 10257 | D:9      | Killed an orange demon
 10258 | D:9      | Reached skill level 3 in Stealth
 10269 | D:9      | Killed Amaemon
 10270 | D:9      | Reached skill level 6 in Fighting
 10270 | D:9      | Reached skill level 3 in Dodging
 10778 | D:9      | Found a runed translucent door.
 10778 | D:9      | Noticed GreedOfGod's ghost (novice DsGl)
 10780 | D:9      | Noticed a centaur warrior
 10815 | D:9      | Reached skill level 3 in Translocations
 10982 | D:9      | Noticed a two-headed ogre
 11012 | D:9      | Killed a two-headed ogre
 11164 | D:9      | Found a radiant altar of Vehumet.
 11265 | D:10     | Entered Level 10 of the Dungeon
 11319 | D:10     | Found Fafosses's General Store.
 11325 | D:10     | Bought a potion of might for 40 gold pieces
 11387 | D:10     | You add the spells Ignite Poison and Plasma Beam to your
                  | library.
 11387 | D:10     | Got the Tractate on Breezy Wildfire
 11447 | D:10     | Learned a level 4 spell: Ignite Poison
 11495 | D:10     | Reached skill level 4 in Stealth
 11510 | D:10     | Reached skill level 7 in Spellcasting
 11615 | D:10     | Reached skill level 1 in Fire Magic
 11797 | D:10     | Reached *** piety under Sif Muna
 11988 | D:10     | Found a staircase to the Lair.
 11998 | D:10     | Reached skill level 4 in Dodging
 11998 | D:10     | Reached skill level 2 in Fire Magic
 12166 | D:10     | HP: 16/84 [troll (13)]
 12360 | D:10     | Reached XP level 11. HP: 85/91 MP: 15/21
 12411 | D:10     | HP: 22/91 [wraith (10)]
 12415 | D:10     | Reached skill level 4 in Translocations
 12588 | D:10     | Upgraded the game from 0.32-a0-908-g8e5f33bbaa to
                  | 0.32-a0-909-gc671339a80
 12588 | D:10     | magus.rc [v1.11.7]
 13002 | Lair:1   | Entered Level 1 of the Lair of Beasts
 13060 | Lair:1   | Reached skill level 3 in Fire Magic
 13083 | Lair:1   | Reached skill level 7 in Fighting
 13098 | Lair:1   | magus.rc [v1.11.7]
 13121 | Lair:1   | magus.rc [v1.11.7]
 13121 | Lair:1   | Upgraded the game from 0.32-a0-909-gc671339a80 to
                  | 0.32-a0-913-g739538afd8
 13121 | Lair:1   | magus.rc [v1.11.7]
 13260 | Lair:1   | HP: 12/92 [komodo dragon (14)]
 13262 | Lair:1   | HP: 2/92 [komodo dragon (8)]
 13263 | Lair:1   | Slain by a komodo dragon

Vanquished Creatures
  A two-headed ogre (D:9)
  Amaemon (D:9)
  A komodo dragon (Lair:1)
  An orange demon (D:9)
  A troll (D:10)
  A polar bear (D:8)
  3 blink frogs (Lair:1)
  A wyvern (D:9)
  2 wraiths
  6 yaks
  2 water moccasins (D:8)
  An acid dragon (D:9)
  3 black bears
  An ice beast (D:8)
  9 orc warriors
  4 ogres
  2 centaurs
  7 wolves
  A kobold brigand (D:4)
  3 bullfrogs
  2 scorpions (D:6)
  12 wights
  4 killer bees (D:8)
  5 howler monkeys
  3 electric eels
  A bombardier beetle (D:4)
  11 orc priests
  A gnoll bouda (D:7)
  3 hounds
  2 iguanas
  A sleepcap (D:8)
  8 orc wizards
  Robin (D:3)
  4 gnolls (D:7)
  6 adders
  2 white imps
  A howler monkey simulacrum (D:8)
  An ufetubus (D:8)
  A ribbon worm (D:3)
  50 orcs
  5 endoplasms
  A giant cockroach (D:4)
  14 goblins
  5 hobgoblins
  2 quokkas
  4 ball pythons
  2 bats (D:2)
  2 frilled lizards
  9 kobolds
  6 rats
220 creatures vanquished.

Table legend:
 A = Non-vault XP
 B = Vault XP
 C = Vault XP percentage of total XP
 D = Non-vault monster count
 E = Vault monster count
 F = Vault count percentage of total count
                 A         B        C        D         E       F
            +---------+---------+-------+---------+---------+-------
      Total |    8866 |    3939 |  30.8 |     157 |      63 |  28.6
            +---------+---------+-------+---------+---------+-------
        D:1 |      19 |       0 |   0.0 |      13 |       0 |   0.0
        D:2 |      47 |       0 |   0.0 |      16 |       0 |   0.0
        D:3 |      62 |      38 |  38.0 |       7 |      13 |  65.0
        D:4 |     411 |     269 |  39.6 |      13 |       2 |  13.3
        D:5 |     159 |       0 |   0.0 |      10 |       0 |   0.0
        D:6 |     649 |     398 |  38.0 |      14 |       5 |  26.3
        D:7 |     808 |       0 |   0.0 |      17 |       0 |   0.0
        D:8 |    1020 |     784 |  43.5 |      24 |       7 |  22.6
        D:9 |    3067 |    1486 |  32.6 |      23 |      12 |  34.3
       D:10 |    1022 |     964 |  48.5 |      12 |      24 |  66.7
     Lair:1 |    1602 |       0 |   0.0 |       8 |       0 |   0.0
            +---------+---------+-------+---------+---------+-------

Skill      XL: |  1  2  3  4  5  6  7  8  9 10 11 |
---------------+----------------------------------+-----
Fighting       | 1 2 4 5 6 7 |  7.2
Throwing       | 1 2 3 |  3.0
Spellcasting   | 3 4 5 6 7 |  7.4
Alchemy        | 1 2 4 6 8 |  8.0
Air Magic      | 4 |  4.0
Conjurations   | 5 8 |  8.0
Invocations    | 2 4 |  4.0
Dodging        | 2 4 |  4.0
Stealth        | 2 4 |  4.0
Translocations | 1 3 4 |  4.0
Fire Magic     | 2 3 |  3.8

Action                     |  1- 3 |  4- 6 |  7- 9 | 10-12 || total
---------------------------+-------+-------+-------+-------++-------
  Melee: Short sword       |    11 |       |       |       ||    11
         Tailslap          |     2 |       |       |    16 ||    18
         Unarmed           |     1 |       |       |       ||     1
         Long sword        |       |       |     7 |    18 ||    25
         Demon whip        |       |       |       |    46 ||    46
   Fire: Sling             |    18 |    54 |    71 |       ||   143
   Cast: Magic Dart        |    39 |    20 |   208 |   125 ||   392
         Searing Ray       |     3 |     8 |    24 |     4 ||    39
         Mephitic Cloud    |       |       |    15 |     8 ||    23
         Olgreb's Toxic Ra |       |       |    12 |    37 ||    49
         Iskenderun's Myst |       |       |       |     3 ||     3
         Ignite Poison     |       |       |       |     4 ||     4
  Evoke: Wand              |       |       |       |     1 ||     1
    Use: Scroll            |     3 |       |    14 |     1 ||    18
         Potion            |       |       |     5 |     2 ||     7
   Stab: Sleeping          |       |       |     2 |       ||     2
         Paralysed         |       |       |       |     6 ||     6
         Confused          |       |       |       |     1 ||     1
 Armour: Skin              |    17 |    33 |   133 |   146 ||   329
  Dodge: Dodged            |    14 |    25 |    57 |    77 ||   173

Illustrated notes

Table legend:
 A = Kills in this place as a percentage of kills in the entire game.
 B = Kills by you in this place as a percentage of kills by you in the entire game.
 C = Kills by friends in this place as a percentage of kills by friends in the entire game.
 D = Other kills in this place as a percentage of other kills in the entire game.
 E = Experience gained in this place as a percentage of experience gained in the entire game.
 F = Experience gained in this place divided by the number of levels of this place that you have seen.
                   A       B       C       D       E      F
               +-------+-------+-------+-------+-------+----------------------
         Total | 100.0 | 100.0 |   N/A | 100.0 | 100.0 | 1164.1
       Dungeon |  96.4 |  96.3 |   N/A | 100.0 |  87.5 | 1120.3
          Lair |   3.6 |   3.7 |   N/A |   0.0 |  12.5 | 1602.0
               +-------+-------+-------+-------+-------+----------------------

Table legend: (Time is in decaauts)
 A = Elapsed time spent in this place.
 B = Non-inter-level travel time spent in this place.
 C = Inter-level travel time spent in this place.
 D = Time resting spent in this place.
 E = Time spent auto-exploring this place.
 F = Levels seen in this place.
 G = Mean time per level.
                   A        B        C        D        E       F      G
               +--------+--------+--------+--------+--------+-----+--------+
         Total |  13427 |  12829 |    598 |    872 |  10156 |  11 | 1220.6 |
       Dungeon |  13167 |  12570 |    597 |    866 |   9979 |  10 | 1316.7 |
          Lair |    259 |    259 |      0 |      6 |    177 |   1 |  259.0 |
               +--------+--------+--------+--------+--------+-----+--------+

Top non-repeatable levels by time:
     D:9: 2446 daAuts
     D:8: 1979 daAuts
    D:10: 1615 daAuts
     D:6: 1541 daAuts
     D:3: 1245 daAuts
     D:2: 963 daAuts
     D:1: 910 daAuts
     D:5: 892 daAuts
     D:4: 864 daAuts
     D:7: 709 daAuts
  Lair:1: 259 daAuts
